 Dungeon Crawl Stone Soup version 0.25-a0-404-gc1b5a34292 (webtiles) character file.

Game seed: 2203536395307383043, levelgen mode: deterministic

1318 MisterFreud the Shield-Bearer (level 8, 0/67 HPs)
             Began as a Gnoll Fighter on Jan 12, 2020.
             Killed from afar by an orc wizard (12 damage)
             ... with a puff of frost
             ... on level 6 of the Dungeon.
             The game lasted 00:07:24 (4444 turns).

MisterFreud the Shield-Bearer (Gnoll Fighter)       Turns: 4444, Time: 00:07:26

Health: 0/67       AC:  1    Str: 20    XL:     8   Next: 59%
Magic:  13/13      EV:  8    Int: 16    God:
Gold:   312        SH: 11    Dex: 14    Spells: 13/13 levels left

rFire    . . .     SeeInvis .   a - +0 rapier
rCold    . . .     Gourm    .   c - +0 shield
rNeg     . . .     Faith    .   g - +0 chain mail
rPois    +         Spirit   .   w - +0 helmet (curse)
rElec    .         Reflect  .   v - +0 cloak
rCorr    .         Harm     .   (no gloves)
MR       .....                  (no boots)
Stlth    ..........             (no amulet)
HPRegen  0.21/turn              y - ring of poison resistance
MPRegen  0.13/turn              q - +4 ring of intelligence

@: corroded
A: distributed training, fangs 1, strong nose
a: no special abilities


You were on level 6 of the Dungeon.
You were not hungry.

You visited 1 branch of the dungeon, and saw 6 of its levels.

You collected 312 gold pieces.

Inventory:

Hand Weapons
 a - a +0 rapier (weapon)
 u - a +2 short sword of draining
 E - a +4 scimitar
 F - a cursed +4 short sword
Missiles
 i - 120 arrows
 k - 183 stones (quivered)
 C - 22 bolts
 D - 27 sling bullets
Armour
 b - a +0 scale mail
 c - a +0 shield (worn)
 g - a +0 chain mail (worn)
 s - a +0 ring mail of magic resistance
 v - a +0 cloak (worn)
 w - a cursed +0 helmet (worn)
Jewellery
 q - a +4 ring of intelligence (right hand)
 y - a ring of poison resistance (left hand)
Wands
 z - a wand of scattershot (9)
Scrolls
 e - 3 scrolls of noise {unknown}
 h - a scroll of fog {unknown}
 j - 4 scrolls of remove curse {unknown}
 l - a scroll of blinking {unknown}
 r - 2 scrolls of enchant weapon {unknown}
 A - 2 scrolls of teleportation {unknown}
 G - a scroll of immolation {unknown}
 H - a scroll of magic mapping {unknown}
Potions
 d - 2 potions of might
 m - 3 potions of haste
 n - a potion of heal wounds {unknown}
 o - a potion of berserk rage
 p - 2 potions of curing
 t - a potion of resistance
 x - a potion of mutation
 B - a potion of agility
 I - a potion of degeneration {unknown}
Comestibles
 f - 11 rations
 J - 2 chunks of flesh


   Skills:
 + Level 7.4 Fighting
 + Level 5.7 Short Blades
 + Level 3.3 Long Blades
 + Level 3.3 Axes
 + Level 3.3 Maces & Flails
 + Level 3.3 Polearms
 + Level 3.3 Staves
 + Level 3.3 Slings
 + Level 3.3 Bows
 + Level 3.3 Crossbows
 + Level 3.3 Throwing
 + Level 7.4 Armour
 + Level 3.3 Dodging
 + Level 3.3 Stealth
 + Level 7.4 Shields
 + Level 3.3 Unarmed Combat
 + Level 3.3 Spellcasting
 + Level 2.7 Conjurations
 + Level 2.7 Hexes
 + Level 2.7 Charms
 + Level 2.7 Summonings
 + Level 2.7 Necromancy
 + Level 2.7 Translocations
 + Level 2.7 Transmutations
 + Level 2.7 Fire Magic
 + Level 2.7 Ice Magic
 + Level 2.7 Air Magic
 + Level 2.7 Earth Magic
 + Level 2.7 Poison Magic
 + Level 3.6 Invocations
 + Level 3.3 Evocations


You had 13 spell levels left.
You didn't know any spells.
Your spell library was empty.

Dungeon Overview and Level Annotations

Branches:
Dungeon (6/15)
 Temple: D:4-7

Altars:
Cheibriados
Dithmenos
Hepliaklqana
Yredelemnul

Annotations:
D:4 1 runed translucent door, emiel's ghost, novice FoWn


Innate Abilities, Weirdness & Mutations

Your experience applies equally to all skills.
You have very sharp teeth.
Your uncanny sense of smell can sniff out nearby items.


Message History

You hit the orc but do no damage.
The orc is severely wounded.
The orc hits you with a +0 mace.
Your shield and chain mail prevent you from hitting the orc.
The orc is severely wounded.
The orc hits you with a +0 mace.
You hit the orc.
You kill the orc!
You hit something but do no damage. Something hits you.
* * * LOW HITPOINT WARNING * * *
You block something's attack.
You miss something. Something hits you.
* * * LOW HITPOINT WARNING * * *
Your chain mail prevents you from hitting something.
Something hits you.
* * * LOW HITPOINT WARNING * * *
You hear some strange, mumbled words.
A puff of frost appears from out of thin air!
The puff of frost hits you!
You die...

.. .....########## ∆
.##..............
.......#.....#.#
#.....o....# #.#
#<#.%. #.#.#.#.#
#........#.#.#.#.###
#..o#........#...))#
##.####.#..#o###.#.#
o. .......oo)@...#
:oo..##...######.###
...# #.... #.# ....
##!.# #.#
#....#.##.#
###..#.#.##.#
.........#.#
#....#..#.#
#....#..#.###


You could see 3 orcs.

Vanquished Creatures
  A sky beast (D:5)
  A black bear (D:5)
  2 phantoms (D:5)
  2 ogres
  A centaur (D:6)
  4 wights (D:5)
  A crimson imp (D:5)
  A gnoll shaman (D:4)
  2 hounds
  An orc priest (D:5)
  A jelly (D:6)
  2 orc wizards
  2 worker ants (D:4)
  5 gnolls
  9 adders
  2 shadow imps
  3 oozes
  5 worms
  3 dart slugs
  A leopard gecko (D:3)
  8 orcs
  4 giant cockroaches
  5 goblins
  5 hobgoblins
  7 jackals
  5 kobolds
  A quokka (D:4)
  6 bats
  3 frilled lizards
  A jackal skeleton (D:4)
  9 rats
103 creatures vanquished.

Vanquished Creatures (others)
  2 withered plants (D:4)
2 creatures vanquished.

Grand Total: 105 creatures vanquished

Notes
Turn   | Place    | Note
-------+----------+-------------------------------------------
     0 | D:1      | MisterFreud the Gnoll Fighter began the quest for the Orb.
     0 | D:1      | Reached XP level 1. HP: 23/23 MP: 1/1
    41 | D:1      | Reached XP level 2. HP: 28/29 MP: 2/2
   491 | D:2      | Reached XP level 3. HP: 35/35 MP: 3/3
   719 | D:2      | Reached skill level 1 in Invocations
   737 | D:2      | Found a hazy altar of Hepliaklqana.
   954 | D:2      | Reached skill level 1 in Long Blades
   954 | D:2      | Reached skill level 1 in Axes
   954 | D:2      | Reached skill level 1 in Maces & Flails
   954 | D:2      | Reached skill level 1 in Polearms
   954 | D:2      | Reached skill level 1 in Staves
   954 | D:2      | Reached skill level 1 in Slings
   954 | D:2      | Reached skill level 1 in Bows
   954 | D:2      | Reached skill level 1 in Crossbows
   954 | D:2      | Reached skill level 1 in Throwing
   954 | D:2      | Reached skill level 1 in Dodging
   954 | D:2      | Reached skill level 1 in Stealth
   954 | D:2      | Reached skill level 1 in Unarmed Combat
   954 | D:2      | Reached skill level 1 in Spellcasting
   954 | D:2      | Reached skill level 1 in Evocations
   990 | D:2      | Reached XP level 4. HP: 32/41 MP: 5/5
  1735 | D:3      | Reached skill level 1 in Conjurations
  1735 | D:3      | Reached skill level 1 in Hexes
  1735 | D:3      | Reached skill level 1 in Charms
  1735 | D:3      | Reached skill level 1 in Summonings
  1735 | D:3      | Reached skill level 1 in Necromancy
  1735 | D:3      | Reached skill level 1 in Translocations
  1735 | D:3      | Reached skill level 1 in Transmutations
  1735 | D:3      | Reached skill level 1 in Fire Magic
  1735 | D:3      | Reached skill level 1 in Ice Magic
  1735 | D:3      | Reached skill level 1 in Air Magic
  1735 | D:3      | Reached skill level 1 in Earth Magic
  1735 | D:3      | Reached skill level 1 in Poison Magic
  1802 | D:3      | Found a shadowy altar of Dithmenos.
  1803 | D:3      | Found a basalt altar of Yredelemnul.
  1864 | D:3      | Reached XP level 5. HP: 47/47 MP: 6/6
  2166 | D:4      | Noticed an ogre
  2176 | D:4      | Killed an ogre
  2375 | D:4      | Reached XP level 6. HP: 53/53 MP: 8/8
  2579 | D:4      | Found a snail-covered altar of Cheibriados.
  2603 | D:4      | Found a runed translucent door.
  2603 | D:4      | Noticed emiel's ghost (novice FoWn)
  2618 | D:4      | Found a shadowy altar of Dithmenos.
  2758 | D:4      | Reached skill level 5 in Short Blades
  3221 | D:5      | Entered Level 5 of the Dungeon
  3270 | D:5      | Reached XP level 7. HP: 59/59 MP: 10/10
  3713 | D:5      | Found the +12 glaive of Prune {chop}
  3746 | D:5      | Reached XP level 8. HP: 67/67 MP: 10/12
  4444 | D:6      | Killed from afar by an orc wizard

Levels and vault maps discovered:
D:1:      dpeg_arrival_rhombus, layout_rooms
D:2:      layout_loops_corners, lemuel_doored_altar, first_ration
D:3:      layout_rooms, chequers_temple_overflow_statue_of_worship
D:4:      layout_gridville, lemuel_round_altar, gammafunk_ghost_grave,
          grunt_ministairs_2, grunt_dithmenos_shadows
D:5:      layout_loops_ring
D:6:      layout_basic, serial_shops, shop, nicolae_ru_awakened_eye

Skill      XL: |  1  2  3  4  5  6  7  8 |
---------------+-------------------------+-----
Invocations    | 1 2 3 |  3.6
Long Blades    | 1 2 3 |  3.3
Axes           | 1 2 3 |  3.3
Maces & Flails | 1 2 3 |  3.3
Polearms       | 1 2 3 |  3.3
Staves         | 1 2 3 |  3.3
Slings         | 1 2 3 |  3.3
Bows           | 1 2 3 |  3.3
Crossbows      | 1 2 3 |  3.3
Throwing       | 1 2 3 |  3.3
Dodging        | 1 2 3 |  3.3
Stealth        | 1 2 3 |  3.3
Unarmed Combat | 1 2 3 |  3.3
Spellcasting   | 1 2 3 |  3.3
Evocations     | 1 2 3 |  3.3
Conjurations   | 1 2 |  2.7
Hexes          | 1 2 |  2.7
Charms         | 1 2 |  2.7
Summonings     | 1 2 |  2.7
Necromancy     | 1 2 |  2.7
Translocations | 1 2 |  2.7
Transmutations | 1 2 |  2.7
Fire Magic     | 1 2 |  2.7
Ice Magic      | 1 2 |  2.7
Air Magic      | 1 2 |  2.7
Earth Magic    | 1 2 |  2.7
Poison Magic   | 1 2 |  2.7
Short Blades   | 5 |  5.7
Fighting       | 7 |  7.4
Armour         | 7 |  7.4
Shields        | 7 |  7.4

Action                   |  1- 3 |  4- 6 |  7- 9 || total
-------------------------+-------+-------+-------++-------
Melee: Rapier            |    78 |   220 |   217 ||   515
       Bite              |     8 |    30 |    30 ||    68
Throw: Stone             |       |     8 |     1 ||     9
  Use: Scroll            |       |       |     6 ||     6
  Eat: Chunk             |       |     8 |     4 ||    12
Armor: Scale mail        |    19 |     4 |       ||    23
       Chain mail        |       |    76 |    63 ||   139
Dodge: Dodged            |    19 |    46 |    38 ||   103
Block: Shield            |    31 |   129 |    90 ||   250

Table legend:
 A = Non-vault XP
 B = Vault XP
 C = Vault XP percentage of total XP
 D = Non-vault monster count
 E = Vault monster count
 F = Vault count percentage of total count
                 A         B        C        D         E       F
            +---------+---------+-------+---------+---------+-------
      Total |    1873 |      11 |   0.6 |     102 |       1 |   1.0
            +---------+---------+-------+---------+---------+-------
        D:1 |      32 |       0 |   0.0 |      16 |       0 |   0.0
        D:2 |      76 |       0 |   0.0 |      18 |       0 |   0.0
        D:3 |      70 |       0 |   0.0 |      17 |       0 |   0.0
        D:4 |     417 |      11 |   2.6 |      22 |       1 |   4.3
        D:5 |    1103 |       0 |   0.0 |      25 |       0 |   0.0
        D:6 |     175 |       0 |   0.0 |       4 |       0 |   0.0
            +---------+---------+-------+---------+---------+-------
